 Dungeon Crawl Stone Soup version 0.14-a0-30-gf0b6e91 (webtiles) character file.

287 Payway the Shield-Bearer (level 5, 0/33 HPs)
             Began as a Gargoyle Fighter on Sept 27, 2013.
             Slain by Sachiko's ghost (3 damage)
             ... on Level 4 of the Dungeon.
             The game lasted 00:11:32 (2300 turns).

Payway the Shield-Bearer (Gargoyle Fighter)         Turns: 2300, Time: 00:11:32

HP   0/33        AC 15     Str 21      XL: 5   Next: 18%
MP   4/4         EV  3     Int  8      God:
Gold 152         SH 19     Dex 12      Spells:  0 memorised,  4 levels left

Res.Fire  : . . .   See Invis. : .   a - +0 mace (curse)
Res.Cold  : . . .   Warding    : .   i - +0 plate armour
Life Prot.: + . .   Conserve   : .   c - +0 shield
Res.Poison: +       Res.Corr.  : .   (no helmet)
Res.Elec. : +       Clarity    : .   (no cloak)
Sust.Abil.: . .     Spirit.Shd : .   (no gloves)
Res.Mut.  : .       Stasis     : .   (no boots)
Res.Rott. : +       Flight     : .   (no amulet)
Saprovore : . . .                    (no ring)
                                     m - +3 ring of dexterity

@: very slightly contaminated, hasted, very quick, slightly resistant to hostile
enchantments, extremely unstealthy
A: fangs 1, talons 2, life protection 1, electricity resistance, slow metabolism
1, unbreathing, petrification resistance, AC +4
a: no special abilities


You were on level 4 of the Dungeon.
You were full.

You visited 1 branch of the dungeon, and saw 4 of its levels.

You collected 132 gold pieces.

Inventory:

Hand weapons
 a - a cursed +0,+0 mace (weapon)
Armour
 b - a +0 scale mail
 c - a +0 shield (worn)
 i - a +0 plate armour (worn)
Comestibles
 d - 2 bread rations
 n - a choko
 w - 2 meat rations
Scrolls
 l - 2 scrolls of remove curse {unknown}
 o - 2 scrolls of amnesia
Jewellery
 m - a +3 ring of dexterity (left hand)
Potions
 g - a potion of speed
 q - a potion of restore abilities
 x - a potion of resistance


   Skills:
 + Level 3.9 Fighting
 + Level 2.6 Maces & Flails
 + Level 4.1 Armour
 + Level 1.4 Dodging
 + Level 4.3 Shields


You had 4 spell levels left.
You didn't know any spells.

Dungeon Overview and Level Annotations

Branches:
Dungeon (4/27)
 Temple: D:4-7

Altars:
Okawaru
Vehumet
Zin

Annotations:
D:4 Sachiko's ghost, average TrMo


Innate Abilities, Weirdness & Mutations

You are resistant to torment.
You are immune to poison.
Your stone body is very resilient (AC +4).
You have very sharp teeth.
You have razor-sharp toenails.
You resist negative energy.
You are resistant to electric shocks.
You have a slow metabolism.
You can survive without breathing.
You are immune to petrification.


Message History

Are you sure you want to cancel this blink? [Y]es or [N]o only, please.
Are you sure you want to cancel this blink?
Okay, then.
It was a scroll of blinking.
You block the orc wizard's attack.
Read which item? (? for menu, Esc to quit)
As you read the scroll labeled BOSEZOT FOLOU, it crumbles to dust.
Use on which item? (\ to view known items) (? for menu, Esc to quit)
x - a potion of resistance It was a scroll of identify.
Sachiko's ghost keens inconsolably.
Sachiko's ghost hits you but does no damage.
The orc priest glows brightly for a moment.
Read which item? (? for menu, Esc to quit)
Blink to where?
Press: ? - help, Dir - move target cursor
As you read the scroll of blinking, it crumbles to dust.
The orc wizard hits you but does no damage.
Sachiko's ghost hits you.
You die...

##.########.####.###
#.....<# #.........
#.########....#####
#.#...(.......#
#.............#
#.#..#####.##.#
#..§§#####.....##
#.#§opo§o........
#.#§@########..#.#
#.##§# ####....#
######.##§## #....#
..(........####.#..#
................#..##
..........#.####.....#
............# #.#...#
..........#.# #.#...#
### ..........#.#
#.#...#


You could see 2 orc wizards and Sachiko's ghost.

Vanquished Creatures
  5 adders
  A giant mite (D:2)
  3 giant geckos
  An ooze (D:3)
  2 orcs
  A ball python (D:4)
  10 goblins
  4 hobgoblins
  9 jackals
  11 kobolds
  7 bats
  7 giant cockroaches
  6 giant newts
  A goblin skeleton (D:4)
  A kobold skeleton (D:4)
  2 quokkas (D:2)
  9 rats
80 creatures vanquished.

Notes
Turn   | Place    | Note
--------------------------------------------------------------
     0 | D:1      | Payway, the Gargoyle Fighter, began the quest for the Orb.
     0 | D:1      | Reached XP level 1. HP: 14/14 MP: 0/0
    16 | D:1      | Reached XP level 2. HP: 17/19 MP: 1/1
   371 | D:1      | Reached XP level 3. HP: 21/24 MP: 2/2
   979 | D:2      | Reached skill level 1 in Dodging
   979 | D:2      | Reached skill level 4 in Shields
   979 | D:2      | Reached XP level 4. HP: 25/28 MP: 3/3
  1309 | D:3      | Found a radiant altar of Vehumet.
  1554 | D:3      | Found a glowing silver altar of Zin.
  1819 | D:4      | Reached XP level 5. HP: 33/33 MP: 4/4
  1977 | D:4      | Noticed Sachiko's ghost (average TrMo)
  2237 | D:4      | Found an iron altar of Okawaru.
  2300 | D:4      | Slain by Sachiko's ghost

Action                   |  1- 3 |  4- 6 || total
-------------------------+-------+-------++-------
Melee: Mace              |   106 |   110 ||   216
  Use: Potion            |       |    12 ||    12
       Scroll            |       |     7 ||     7
 Stab: Invisible         |       |     1 ||     1
